 Dungeon Crawl Stone Soup version 0.30-a0-622-gddc90eaa04 (webtiles) character file.

Game seed: 77839465542052949

340 Leeroy the Covert (level 6, -7/28 HPs)
             Began as a Kobold Enchanter on Jan 10, 2023.
             Was a Follower of Hepliaklqana.
             Killed by nerve-wracking pain
             ... invoked by an orc priest
              (12 damage)
             ... on level 4 of the Dungeon.
             The game lasted 00:05:14 (3029 turns).

Leeroy the Covert (Kobold Enchanter)                Turns: 3029, Time: 00:05:15

Health: -7/28      AC:  6    Str:  5    XL:     6   Next: 86%
Magic:  3/9        EV: 15    Int: 17    God:    Hepliaklqana [*.....]
Gold:   77         SH:  0    Dex: 17    Spells: 1/9 levels left

rFire   . . .      SeeInvis .    a - +1 dagger
rCold   . . .      Faith    .    (no shield)
rNeg    . . .      Spirit   .    b - +0 robe
rPois   .          Reflect  .    k - +0 helmet
rElec   .          Harm     .    u - +0 cloak
rCorr   .          Rampage  .    y - +0 pair of gloves
Will    .....                    v - +0 pair of boots
Stlth   +++++                    (no amulet)
HPRegen 0.24/turn                (no ring)
MPRegen 0.11/turn                (no ring)

@: attractive
A: reduced essence, small, no large weapons, nightstalker 3
a: Renounce Religion, Recall Ancestor, Ancestor Identity


You were on level 4 of the Dungeon.
You worshipped Hepliaklqana.
Hepliaklqana was aware of your devotion.
You visited 1 branch of the dungeon, and saw 4 of its levels.

You collected 159 gold pieces.
You spent 82 gold pieces at shops.

Inventory:

Hand Weapons
 a - a +1 dagger (weapon)
 j - a +2 whip of freezing
 t - a +4 quarterstaff of chaos
 B - a +3 heavy spear
Missiles
 o - 2 throwing nets (quivered)
Armour
 b - a +0 robe (worn)
 k - a +0 helmet (worn)
 u - a +0 cloak (worn)
 v - a +0 pair of boots (worn)
 y - a +0 pair of gloves (worn)
Jewellery
 x - a ring of protection from fire
Wands
 r - a wand of flame (13)
 s - a wand of quicksilver (11)
Scrolls
 d - a scroll of amnesia {unknown}
 f - 4 scrolls of fog {unknown}
 h - 3 scrolls of identify {unknown}
 i - 3 scrolls of teleportation {unknown}
 m - a scroll of magic mapping {unknown}
 n - a scroll of blinking
 q - a scroll of immolation {unknown}
 C - a scroll of fear {unknown}
Potions
 c - 3 potions of invisibility
 e - a potion of curing {unknown}
 g - a potion of degeneration {unknown}
 l - a potion of might {unknown}
 p - a potion of attraction
 w - a potion of lignification {unknown}
 z - a potion of resistance {unknown}
 A - a potion of magic {unknown}


   Skills:
 + Level 4.4 Short Blades
 - Level 2.4 Dodging
 + Level 8.8 Stealth
 - Level 2.1 Spellcasting
 - Level 3.0 Hexes
 - Level 0.6 Ice Magic


You had one spell level left.
You knew the following spells:

 Your Spells              Type           Power      Damage    Failure   Level
a - Ensorcelled Hibernat  Hex/Ice        16%        N/A       14%         2
b - Confusing Touch       Hex            12%        N/A       17%         3
c - Dazzling Flash        Conj/Hex       12%        N/A       30%         3

Your spell library contained the following spells:

 Spells                   Type           Power      Damage    Failure   Level
 Tukima's Dance           Hex            12%        N/A       17%         3
 Yara's Violent Unravell  Hex/Tmut       3%         3d4       96%         5
 Enfeeble                 Hex            6%         N/A       100%        7


Dungeon Overview and Level Annotations

Branches:
Dungeon (4/15)
 Temple: D:4-7

Altars:
Fedhas
Hepliaklqana

Shops:
D:2 ?

Annotations:
D:3 exclusion: oklob plant


Innate Abilities, Weirdness & Mutations

Your life essence is reduced to manifest your ancestor. (-10% HP)
You are small and have problems with some larger weapons.
You are completely attuned to the shadows.


Message History

You hit the orc priest but do no damage.
The orc misses you. The orc priest hits you with a +0 whip.
* * * LOW HITPOINT WARNING * * *
It was a potion of attraction.
You feel attractive to monsters. The orc completely misses you.
The orc priest looks satisfied for a moment.
Octavius hits the orc priest.
Casting: Ensorcelled Hibernation (safe; 14% risk of failure)
Confirm with . or Enter, or press ? or * to list all spells.
The spell is extremely dangerous to miscast (30% risk of failure)!
Continue anyway?
Casting: Dazzling Flash (extremely dangerous; 30% risk of failure)
Press: ? - help, Dir - look around, f - activate Octavius avoids your attack.
The orc is dazzled.
The orc hits you with a +0 club.
* * * LOW HITPOINT WARNING * * *
The orc priest barely misses you.
Octavius hits the orc priest.
You barely miss the orc. The orc misses you. The orc priest closely misses you.
Octavius closely misses the orc priest.
You barely miss the orc. The orc barely misses you.
The orc priest barely misses you.
You hit the orc but do no damage.
Octavius barely misses the orc priest.
The orc completely misses you. The orc priest closely misses you.
You hit the orc but do no damage.
Octavius hits the orc priest.
Unknown command.
You barely miss the orc. The orc closely misses you.
The orc priest hits you but does no damage.
Octavius hits the orc priest.
You closely miss the orc priest.
The orc priest is severely wounded.
The orc hits you with a +0 club.
* * * LOW HITPOINT WARNING * * *
The orc priest closely misses you.
Octavius completely misses the orc priest.
You closely miss the orc priest.
The orc priest is severely wounded.
The orc misses you.
The orc priest mumbles some strange prayers to Beogh against you.
Pain shoots through your body!
You die...

## ## #.# #.#
#.# #.####
#.#####....(
#......)....
#.#####..####
#.#....o@R..#
#.#......o#.#
#.#.###...#
#.#.###...#.#
.##)#.#.#...#.#
...............#
####.#.#.#...#.#
.............#
..............##


You could see the friendly Octavius the ancestor, an orc priest (ally target)
and an orc (blind).

Vanquished Creatures
  A scorpion (D:4)
  Crazy Yiuf (D:3)
  Ijyb (D:3)
  2 orc wizards (D:4)
  An adder (D:2)
  9 gnolls
  A dart slug (D:4)
  4 orcs (D:4)
  4 bats (D:1)
  5 endoplasms
  2 giant cockroaches (D:1)
  5 goblins
  3 hobgoblins
  3 jackals (D:1)
  A kobold (D:3)
  4 quokkas (D:1)
  13 ball pythons
  4 frilled lizards
  7 rats
71 creatures vanquished.

Vanquished Creatures (collateral kills)
  A gnoll (D:3)
  A hobgoblin (D:3)
  A rat (D:3)
3 creatures vanquished.

Vanquished Creatures (others)
  4 fungi (D:3)
  12 plants (D:3)
  19 toadstools (D:3)
35 creatures vanquished.

Grand Total: 109 creatures vanquished

Notes
Turn   | Place    | Note
-------+----------+-------------------------------------------
     0 | D:1      | Leeroy the Kobold Enchanter began the quest for the Orb.
     0 | D:1      | Reached XP level 1. HP: 10/10 MP: 3/3
   211 | D:1      | Reached XP level 2. HP: 15/15 MP: 5/5
   222 | D:1      | Learned a level 2 spell: Ensorcelled Hibernation
   272 | D:1      | Reached skill level 5 in Stealth
   469 | D:1      | Reached XP level 3. HP: 15/19 MP: 6/6
   473 | D:1      | Learned a level 3 spell: Confusing Touch
   757 | D:2      | Identified the +2 leather armour of the Gate {Fly Str+3
                  | Int+2 Dex-5}
   817 | D:2      | Found a hazy altar of Hepliaklqana.
   834 | D:2      | Found a faded altar of an unknown god.
   842 | D:2      | Became a worshipper of Hepliaklqana the Forgotten
  1178 | D:2      | Reached skill level 6 in Stealth
  1178 | D:2      | Reached XP level 4. HP: 11/24 MP: 2/7
  1361 | D:2      | Reached XP level 5. HP: 19/28 MP: 0/8
  1591 | D:2      | Found Duatafa's Magic Scroll Boutique.
  1598 | D:2      | Reached skill level 7 in Stealth
  1652 | D:2      | Bought a scroll of blinking for 82 gold pieces
  1739 | D:3      | Learned a level 3 spell: Dazzling Flash
  1876 | D:3      | Noticed Ijyb
  1880 | D:3      | Killed Ijyb
  1890 | D:3      | Reached * piety under Hepliaklqana
  1929 | D:3      | Found a blossoming altar of Fedhas.
  1931 | D:3      | Noticed an oklob plant
  2042 | D:3      | Found a runed translucent door.
  2045 | D:3      | Noticed Crazy Yiuf
  2050 | D:3      | Killed Crazy Yiuf
  2121 | D:3      | Reached XP level 6. HP: 22/28 MP: 2/9
  2219 | D:3      | Reached skill level 8 in Stealth
  3029 | D:4      | Killed from afar by an orc priest

Illustrated notes

Levels and vault maps discovered:
D:1:      minmay_arrival_checkered_box, layout_loops_cross
D:2:      layout_rooms, hellmonk_ecumenical_altar_heavens_door, basic_altar,
          serial_shops, shop_scrolls, minmay_heptomino_w4
D:3:      layout_rooms, tgw_fedhas, uniq_crazy_yiuf_cottage, uniq_ijyb
D:4:      layout_basic, uniq_edmund

Skill      XL: |  1  2  3  4  5  6 |
---------------+-------------------+-----
Stealth        | 5 6 7 8 |  8.8
Short Blades   | 2 3 4 |  4.4
Dodging        | |  2.4
Spellcasting   | |  2.1
Hexes          | |  3.0
Ice Magic      | |  0.6

Action                   |  1- 3 |  4- 6 || total
-------------------------+-------+-------++-------
Melee: Dagger            |    57 |    88 ||   145
       Punch             |     1 |     1 ||     2
 Cast: Ensorcelled Hiber |     6 |    24 ||    30
       Dazzling Flash    |       |     1 ||     1
  Use: Potion            |       |     1 ||     1
 Stab: Sleeping          |    22 |    22 ||    44
Armor: Robe              |     9 |    19 ||    28
Dodge: Dodged            |    50 |    65 ||   115

Table legend: (Time is in decaauts)
 A = Elapsed time spent in this place.
 B = Non-inter-level travel time spent in this place.
 C = Inter-level travel time spent in this place.
 D = Time resting spent in this place.
 E = Time spent auto-exploring this place.
 F = Levels seen in this place.
 G = Mean time per level.
                   A        B        C        D        E       F      G
               +--------+--------+--------+--------+--------+-----+--------+
         Total |   3017 |   2912 |    105 |    200 |   2159 |   4 |  754.2 |
       Dungeon |   3017 |   2912 |    105 |    200 |   2159 |   4 |  754.2 |
               +--------+--------+--------+--------+--------+-----+--------+

Top non-repeatable levels by time:
     D:3: 909 daAuts
     D:1: 889 daAuts
     D:2: 838 daAuts
     D:4: 379 daAuts
